 Dungeon Crawl Stone Soup version 0.32-a0-938-g40ac7a0f4d (webtiles) character file.

Game seed: 16221077740101695866

32 KennySheep the Shooter (level 3, 0/19 HPs)
             Began as a Deep Elf Wanderer on Apr 16, 2024.
             Killed from afar by Natasha (7 damage)
             ... with a magic dart
             ... on level 2 of the Dungeon.
             The game lasted 00:03:13 (729 turns).

KennySheep the Shooter (Deep Elf Wanderer)           Turns: 729, Time: 00:03:14

Health: 0/19       AC:  3    Str:  7    XL:     3   Next: 8%
Magic:  10/10      EV: 11    Int: 18    God:
Gold:   54         SH:  0    Dex: 16    Spells: 8/9 levels left

rFire   . . .        a - +0 sling
rCold   . . .        (no shield)
rNeg    . . .        d - +0 robe
rPois   .            b - +0 helmet
rElec   .            (no cloak)
rCorr   .            (no gloves)
SInv    .            (no boots)
Will    .....        (no amulet)
Stlth   +            (no ring)
HPRegen 0.23/turn    (no ring)
MPRegen 0.12/turn

%: no passive effects
@: slowed, very slow
A: no striking features
a: no special abilities


You were on level 2 of the Dungeon.
You visited 1 branch of the dungeon, and saw 2 of its levels.

You collected 54 gold pieces.

Inventory:

Hand Weapons
 a - a +0 sling (weapon)
Armour
 b - a +0 helmet (worn)
 d - a +0 robe (worn)
Jewellery
 i - a ring of see invisible
Scrolls
 c - a scroll of fear
 f - a scroll of amnesia {unknown}
Potions
 e - 2 potions of heal wounds {unknown}
 g - a potion of attraction {unknown}
 h - a potion of degeneration {unknown}


   Skills:
 * Level 3.9 Ranged Weapons
 + Level 2.1 Dodging
 + Level 0.0 Stealth
 + Level 3.5 Spellcasting
 - Level 3.2 Summonings
 - Level 1.0 Invocations
 - Level 1.1 Shapeshifting


You had 8 spell levels left.
You knew the following spells:

 Your Spells              Type           Power      Damage    Failure   Level
a - Summon Small Mammal   Summ           60%        N/A       4%          1

Your spell library contained the following spells:

 Spells                   Type           Power      Damage    Failure   Level
 Summon Ice Beast         Ice/Summ       9%         N/A       24%         3
 Summon Blazeheart Golem  Fire/Summ      9%         N/A       61%         4


Dungeon Overview and Level Annotations

Branches:
Dungeon (2/15)

Altars:

Annotations:
D:2 Natasha


Message History

What are your orders? t - Shout!
Orders for allies: a - Attack new target. p - Attack previous target. r - Retreat! s - Stop attacking. g - Guard the area. f - Follow me.
Anything else - Cancel.
Gang up on whom?
Press: ? - help, Dir - move target, f/p - Natasha
Aim: Natasha Attack!
Your rat misses Natasha. Natasha claws you but does no damage.
Your rat bites Natasha.
Natasha attacks as she pursues you! Natasha barely misses you.
The cerulean imp attacks as it pursues you!
The cerulean imp barely misses you. The cerulean imp closely misses you.
Natasha claws you.
Your rat barely misses Natasha.
The cerulean imp barely misses your rat.
Your rat closely misses Natasha.
A ribbon worm comes into view.
The cerulean imp hits your rat with a +0 spear.
Your rat dies!
Your rat's corpse disappears in a puff of smoke!
Natasha closely misses you.
Natasha mumbles some strange words.
The cerulean imp barely misses you.
You feel yourself speed up. Natasha casts a spell at you.
The magic dart hits you.
The cerulean imp hits you from afar with a +0 spear.
The cerulean imp disappears in a puff of smoke!
Natasha casts a spell at you.
You feel yourself slow down.
The cerulean imp attacks as it pursues you!
The cerulean imp barely misses you.
There is a stone staircase leading down here.
The cerulean imp hits you from afar with a +2 spear.
The cerulean imp barely misses you.
Natasha stares at you and mumbles some strange words.
The magic dart hits you!
You die...
Natasha curls up and begins to purr.

#..<.....# #........#
######........#
##...##........#
##<....#........####
#.......†..........###
#.†.............#....#
#.....).5.......#....#
##....@h..w..........##
#.....####.####.......
#.>.....# #.# #......#
#.......# #.# #)......
#<........... ......##
##.........w. .......#
##...#..........##.##
#### ####....#.. .#
...5... ..


You could see a ribbon worm, Natasha and a cerulean imp (summoned).

Vanquished Creatures
  2 dart slugs
  4 endoplasms
  2 giant cockroaches (D:1)
  2 hobgoblins (D:1)
  3 quokkas (D:2)
  3 ball pythons (D:1)
  3 bats (D:1)
  A frilled lizard (D:1)
  3 kobolds (D:1)
  4 rats (D:1)
27 creatures vanquished.

Notes
Turn   | Place    | Note
-------+----------+-------------------------------------------
     0 | D:1      | KennySheep the Deep Elf Wanderer began the quest for the
                  | Orb.
     0 | D:1      | KennySheep set off with the following items: a +0 sling, a
                  | +0 helmet, a scroll of fear, a +0 robe; and the following
                  | spell memorised: Summon Small Mammal; and the following
                  | spells available to memorise: Summon Ice Beast, Summon
                  | Blazeheart Golem.
     0 | D:1      | Reached XP level 1. HP: 10/10 MP: 6/6
   148 | D:1      | Reached XP level 2. HP: 8/15 MP: 8/8
   696 | D:2      | Reached XP level 3. HP: 19/19 MP: 10/10
   714 | D:2      | Noticed Natasha
   729 | D:2      | Killed from afar by Natasha

Illustrated notes

Levels and vault maps discovered:
D:1:      dpeg_arrival_rooms_with_view, layout_basic
D:2:      layout_rooms, shapermc_ecumenical_altar_petra, serial_park_tiny_2,
          minmay_pentomino_t2, uniq_terence, uniq_natasha

Skill      XL: |  1  2 |
---------------+-------+-----
Ranged Weapons | 3 |  3.9
Dodging        | 2 |  2.1
Spellcasting   | |  3.5
Summonings     | |  3.2
Invocations    | |  1.0
Shapeshifting  | |  1.1

Action                     || total
---------------------------++-------
   Fire: Sling             ||    98
   Cast: Summon Small Mamm ||     2
 Armour: Robe              ||    22
  Dodge: Dodged            ||    25

Table legend: (Time is in decaauts)
 A = Elapsed time spent in this place.
 B = Non-inter-level travel time spent in this place.
 C = Inter-level travel time spent in this place.
 D = Time resting spent in this place.
 E = Time spent auto-exploring this place.
 F = Levels seen in this place.
 G = Mean time per level.
                   A        B        C        D        E       F      G
               +--------+--------+--------+--------+--------+-----+--------+
         Total |    757 |    737 |     20 |    100 |    448 |   2 |  378.5 |
       Dungeon |    757 |    737 |     20 |    100 |    448 |   2 |  378.5 |
               +--------+--------+--------+--------+--------+-----+--------+

Top non-repeatable levels by time:
     D:1: 573 daAuts
     D:2: 183 daAuts
